 Dungeon Crawl Stone Soup version 0.31-a0-187-gba352fbbf7 (webtiles) character file.

Game seed: 11004427822169181800

85 qw the Shooter (level 4, -2/25 HPs)
             Began as a Deep Elf Hunter on June 22, 2023.
             Slain by a gnoll
             ... wielding a +0 club
              (5 damage)
             ... on level 2 of the Dungeon.
             The game lasted 00:00:27 (1102 turns).

qw the Shooter (Deep Elf Hunter)                    Turns: 1102, Time: 00:00:28

Health: -2/25      AC:  5    Str: 10    XL:     4   Next: 25%
Magic:  6/6        EV: 11    Int: 14    God:
Gold:   126        SH:  0    Dex: 18    Spells: 3/3 levels left

rFire   . . .        Y - +0 shortbow
rCold   . . .        (shield currently unavailable)
rNeg    . . .        d - +0 ring mail
rPois   .            (no helmet)
rElec   .            (no cloak)
rCorr   .            (no gloves)
SInv    .            (no boots)
Will    .....        (no amulet)
Stlth   +            (no ring)
HPRegen 0.24/turn    (no ring)
MPRegen 0.10/turn

%: no passive effects
@: no status effects
A: no striking features
a: no special abilities


You were on level 2 of the Dungeon.
You visited 1 branch of the dungeon, and saw 2 of its levels.

You collected 126 gold pieces.


   Skills:
 - Level 1.5 Fighting
 + Level 7.7 Ranged Weapons
 - Level 2.4 Dodging
 - Level 1.2 Stealth


You had 3 spell levels left.
You didn't know any spells.
Your spell library was empty.

Inventory:

Hand Weapons
 Y - a +0 shortbow (weapon)
Armour
 d - a +0 ring mail (worn)
 j - a +2 pair of gloves
Jewellery
 e - a +6 ring of dexterity
Scrolls
 a - a scroll of amnesia {unknown}
 c - a scroll of teleportation {unknown}
 g - 4 scrolls of fear {unknown}
 h - a scroll of identify
 i - a scroll of blinking {unknown}
Potions
 b - 2 potions of attraction {unknown}
 f - a potion of mutation {unknown}

Dungeon Overview and Level Annotations

Branches:
Dungeon (2/15)

Altars:

Shops:
D:2 =[


Message History

The arrow hits the gnoll but does no damage.
The gnoll completely misses you.
A gnoll comes into view. It is wielding a +0 club.
You shoot an arrow. The arrow barely misses the gnoll.
The gnoll barely misses you.
You shoot an arrow. The arrow hits the gnoll.
The gnoll is heavily wounded.
The gnoll hits you but does no damage.
You shoot an arrow. The arrow hits the gnoll.
The gnoll is severely wounded.
You hear a shout!
The gnoll hits you from afar with a +0 spear.
A gnoll opens the door.
A gnoll comes into view. It is wielding a +0 spear.
The gnoll hits you from afar with a +0 spear.
A bat comes into view.
You shoot an arrow. The arrow hits the gnoll.
The gnoll is almost dead.
The gnoll hits you from afar with a +0 spear.
You shoot an arrow.
The arrow hits the gnoll but does no damage.
The gnoll is severely wounded.
The gnoll closely misses you. The gnoll barely misses you.
You shoot an arrow. The arrow barely misses the gnoll.
The gnoll hits you from afar with a +0 spear.
The gnoll hits you but does no damage.
You shoot an arrow. The arrow completely misses the gnoll.
The gnoll misses you.
The gnoll hits you from afar with a +0 spear.
You shoot an arrow. The arrow barely misses the gnoll.
The gnoll misses you.
The gnoll hits you from afar with a +0 spear.
You shoot an arrow. The arrow hits the gnoll.
You kill the gnoll!
The gnoll barely misses you.
The gnoll hits you from afar with a +0 spear.
You shoot an arrow. The arrow hits the gnoll.
The gnoll is heavily wounded.
The gnoll hits you with a +0 club.
You die...

#.#. ..... #.#. ...
#.#. ... ..#. # .b.
###### #.#g# #.....
#)#g###########.###.
#.g.................
###@###########.###.
#.# #.###. #..
#.%... #### #.####
###


You could see 3 gnolls and a bat.

Vanquished Creatures
  Jessica (D:2)
  A gnoll (D:2)
  2 dart slugs
  6 endoplasms
  2 giant cockroaches (D:1)
  5 goblins
  6 hobgoblins
  2 jackals (D:1)
  2 quokkas (D:1)
  4 ball pythons
  A bat (D:2)
  4 frilled lizards
  4 kobolds
  4 rats
44 creatures vanquished.

Notes
Turn   | Place    | Note
-------+----------+-------------------------------------------
     0 | D:1      | qw the Deep Elf Hunter began the quest for the Orb.
     0 | D:1      | Reached XP level 1. HP: 12/12 MP: 3/3
     0 | D:1      | 0 ||| qw: Version: 0.3-a-9-g12657ce
     0 | D:1      | 0 ||| qw: Game counter: 1991
     0 | D:1      | 0 ||| qw: Always use a shield: true
     0 | D:1      | 0 ||| qw: God list: Okawaru
     0 | D:1      | 0 ||| qw: Allow faded altars: false
     0 | D:1      | 0 ||| qw: Do Orc after D:15 true
     0 | D:1      | 0 ||| qw: Do second Lair branch before Depths: true
     0 | D:1      | 0 ||| qw: Lair rune preference: random
     0 | D:1      | 0 ||| qw: Plans: Normal
     0 | D:1      | 0 ||| PLANNING D:1-11
   108 | D:1      | Reached XP level 2. HP: 16/16 MP: 4/4
   118 | D:1      | Reached skill level 6 in Ranged Weapons
   297 | D:1      | Reached XP level 3. HP: 20/20 MP: 5/5
   743 | D:1      | 743 ||| UPGRADING to +0 ring mail.
   753 | D:1      | 753 ||| DROPPING +0 leather armour.
   754 | D:1      | 754 ||| READING scroll labelled HUDGHO FEOVVUW.
   755 | D:1      | 755 ||| READING scroll labelled HIELIE KILO.
   756 | D:1      | 756 ||| READING scroll labelled ISAEXO OGOECA.
   757 | D:1      | 757 ||| DROPPING scroll of butterflies.
   805 | D:2      | Found a faded altar of an unknown god.
   866 | D:2      | Reached skill level 7 in Ranged Weapons
   880 | D:2      | Found Uraufeferi's Jewellery Shoppe.
   883 | D:2      | 883 ||| SHOPLISTING +4 ring of protection (504 gold, have
                  | 116).
   883 | D:2      | 883 ||| SHOPLISTING amulet of regeneration (420 gold, have
                  | 116).
   883 | D:2      | 883 ||| SHOPLISTING amulet of the acrobat (420 gold, have
                  | 116).
   883 | D:2      | 883 ||| SHOPLISTING brooch of Shielding {Spirit SH+8} (910
                  | gold, have 116).
   883 | D:2      | 883 ||| SHOPLISTING ring of fire (350 gold, have 116).
   883 | D:2      | 883 ||| SHOPLISTING ring of ice (350 gold, have 116).
   883 | D:2      | 883 ||| SHOPLISTING ring of resist corrosion (280 gold,
                  | have 116).
   946 | D:2      | Found Hois's Antique Armour Shoppe.
   953 | D:2      | 953 ||| SHOPLISTING glowing scale mail (168 gold, have
                  | 116).
   953 | D:2      | 953 ||| SHOPLISTING shiny ring mail (168 gold, have 116).
   953 | D:2      | 953 ||| SHOPLISTING silken robe (136 gold, have 116).
   995 | D:2      | Noticed Jessica
   999 | D:2      | Killed Jessica
  1000 | D:2      | Reached XP level 4. HP: 25/25 MP: 6/6
  1100 | D:2      | HP: 5/25 [gnoll/+0 spear (6)]
  1102 | D:2      | Slain by a gnoll

Levels and vault maps discovered:
D:1:      minmay_arrival_jagged, layout_basic, minmay_strange_pillars,
          minmay_split_cup_small
D:2:      minmay_diamond_boxcup, layout_basic, serial_shops, shop,
          nicolae_shop_tiny_statue_garden, hellmonk_ecumenical_altar_lost_god,
          uniq_jessica

Skill      XL: |  1  2  3 |
---------------+----------+-----
Ranged Weapons | 6 7 |  7.7
Fighting       | |  1.5
Dodging        | |  2.4
Stealth        | |  1.2

Action                     |  1- 3 |  4- 6 || total
---------------------------+-------+-------++-------
   Fire: Shortbow          |   101 |    14 ||   115
    Use: Scroll            |     3 |       ||     3
 Armour: Leather armour    |     3 |       ||     3
         Ring mail         |       |     2 ||     2
  Dodge: Dodged            |    12 |     7 ||    19

Table legend:
 A = Non-vault XP
 B = Vault XP
 C = Vault XP percentage of total XP
 D = Non-vault monster count
 E = Vault monster count
 F = Vault count percentage of total count
                 A         B        C        D         E       F
            +---------+---------+-------+---------+---------+-------
      Total |      79 |      43 |  35.2 |      40 |       4 |   9.1
            +---------+---------+-------+---------+---------+-------
        D:1 |      42 |       6 |  12.5 |      25 |       3 |  10.7
        D:2 |      37 |      37 |  50.0 |      15 |       1 |   6.2
            +---------+---------+-------+---------+---------+-------
